 Dungeon Sprint DCSS version 0.19.1 (webtiles) character file.

9595 dvd the Severer (level 11, -5/111 HPs)
             Began as a Minotaur Fighter on Dec 22, 2016.
             Was a High Priest of Okawaru.
             Slain by a golden dragon (11 damage)
             ... in the Dungeon (Sprint II: "The Violet Keep of Menkaure").
             The game lasted 00:15:12 (2435 turns).

dvd the Severer (Minotaur Fighter)                  Turns: 2435, Time: 00:15:13

Health: -5/111     AC: 17    Str: 22    XL:     11   Next: 25%
Magic:  6/12       EV: 19    Int:  8    God:    Okawaru [*****.]
Gold:   100        SH: 16    Dex: 12    Spells: 0 memorised, 10 levels left

rFire  + + .     SeeInvis .     a - +0 war axe
rCold  . . .     Gourm    .     d - +2 ring mail {rF+}
rNeg   . . .     Faith    .     c - +0 shield
rPois  .         Spirit   .     (helmet restricted)
rElec  .         Reflect  .     n - +1 cloak of Vehumet's Displeasure {rF+ MR- Int+3}
rCorr  .         Harm     .     g - +2 pair of gloves
MR     .....     NoTele   +     (no boots)
Stlth  +++.......               (no amulet)
                                (no ring)
                                (no ring)

@: heroism, slowed, very slow
A: retaliatory headbutt, horns 2, blurry vision 1, MP-powered wands
a: Heroism, Finesse, Renounce Religion


You were in the Dungeon.
You worshipped Okawaru.
Okawaru was extremely pleased with you.
You were very hungry.

You visited 1 branch You collected 1458 gold pieces.
You spent 1358 gold pieces at shops.

Inventory:

Hand Weapons
 a - a +0 war axe (weapon)
Armour
 c - a +0 shield (worn)
 d - a +2 ring mail of fire resistance (worn)
 g - a +2 pair of gloves (worn)
 n - the +1 cloak of Vehumet's Displeasure (worn) {rF+ MR- Int+3}
   (You bought it in a shop in the Dungeon)

   It affects your intelligence (+3).
   It protects you from fire.
   It affects your resistance to hostile enchantments.
 o - a +1 cloak
Scrolls
 k - a scroll of blinking
Potions
 e - a potion of might
 i - 2 potions of magic
 j - a potion of curing
 l - 2 potions of flight
Comestibles
 h - a meat ration
 m - 4 fruits


   Skills:
 + Level 14.7(19.7) Fighting
 + Level 17.6(22.6) Axes
 + Level 12.8(17.8) Armour
 + Level 9.5(14.5) Dodging
 + Level 2.9(7.9) Stealth
 + Level 15.4(20.4) Shields
 + Level 2.3(7.3) Unarmed Combat
 + Level 3.3 Invocations


You had 10 spell levels left.
You didn't know any spells.

Dungeon Overview and Level Annotations

Branches:
Dungeon (1/1)

Altars:
Cheibriados
Dithmenos
Elyvilon
Fedhas
Gozag
Hepliaklqana
Kikubaaqudgha
Makhleb
Nemelex Xobeh
Okawaru
Qazlal
Ru
Sif Muna
Trog
Uskayaw
Vehumet
Xom
Yredelemnul
Zin
The Shining One
Beogh
Jiyva
Lugonu

Shops:
D [!:[!*[[!::(%:%*=?![}==}?:*[

Annotations:
D exclusion: oklob plant


Innate Abilities, Weirdness & Mutations

You reflexively headbutt those who attack you in melee.
You have a pair of horns on your head.
Scrolls take you a little longer to read.
You expend magic power (3 MP) to strengthen your wands.


Message History

You hold your ground!
You hit the golden dragon.
The golden dragon is almost dead.
You hit the bone dragon but do no damage.
You hit the golden dragon but do no damage.
Your headbutt misses the golden dragon.
The golden dragon is almost dead.
You slash the bone dragon! You block the golden dragon's attack.
The golden dragon claws you but does no damage.
You block the golden dragon's attack.
The bone dragon bites you but does no damage.
You block the bone dragon's attack. The bone dragon tramples you!
* * * LOW HITPOINT WARNING * * *
You hold your ground!
You gain the combat prowess of a mighty hero.
Your hands slow down.
The golden dragon bites you.
* * * LOW HITPOINT WARNING * * *
The golden dragon misses you. The golden dragon tramples you!
You die...

########### #......'.)#
#...[..#.(####
#'######'##..####+####
#∩∩∩∩∩∩#(('.##≈≈§≈≈.≈##
#∩∩∩∩∩∩#@D###§≈.§§§§§≈##
#########D.'.≈.§§§≈§≈..#
#2..####§§§.§≈§.≈
eeDD......≈##§§§≈§≈≈#
############≈≈#+++#+++##
###########≈≈≈)...)....#
##....∩.∩.#≈≈≈≈.##'##..#
##...∩.∩..#≈≈≈≈##.#.##.###
##..∩.∩...#≈≈≈≈#÷###.#....


You could see a bone dragon and a golden dragon.

Vanquished Creatures
  Kirke (D)
  A cacodemon (D)
  A yaktaur captain (D)
  A skeletal warrior (D)
  2 spiny frogs (D)
  A yaktaur (D)
  3 polar bears (D)
  2 tyrant leeches (D)
  2 hippogriffs (D)
  A hornet (D)
  3 slime creatures (D)
  12 flying skulls (D)
  2 neqoxecs (D)
  A necrophage (D)
  4 crocodiles (D)
  An iron imp (D)
  4 worker ants (D)
  A hell rat (D)
  A spectral bat (D)
  A spectral giant cockroach (D)
45 creatures vanquished.

Vanquished Creatures (others)
  A centaur warrior (D)
  2 unseen horrors (D)
  An elephant (D)
  A kobold demonologist (D)
  2 neqoxecs (D)
  Menkaure (D)
  A crocodile (D)
9 creatures vanquished.

Grand Total: 54 creatures vanquished

Notes
Turn   | Place    | Note
-------+----------+-------------------------------------------
     0 | D        | dvd the Minotaur Fighter began the quest for the Orb.
     0 | D        | Reached XP level 1. HP: 19/19 MP: 0/0
     1 | D        | Noticed a hippogriff
     1 | D        | Noticed a hippogriff
     4 | D        | Noticed a neqoxec
     5 | D        | Killed a crocodile
     7 | D        | Noticed a worker ant
     7 | D        | Noticed a worker ant
     7 | D        | Noticed a worker ant
     7 | D        | Noticed a worker ant
    10 | D        | Killed a worker ant
    10 | D        | Reached skill level 5 in Fighting
    10 | D        | Reached skill level 3 in Axes
    10 | D        | Reached skill level 5 in Armour
    10 | D        | Reached skill level 5 in Shields
    10 | D        | Reached XP level 2. HP: 29/29 MP: 1/1
    14 | D        | Reached XP level 3. HP: 25/37 MP: 2/2
    15 | D        | Reached XP level 4. HP: 29/44 MP: 3/3
    17 | D        | Reached skill level 4 in Axes
    18 | D        | Killed a neqoxec
    18 | D        | Reached skill level 6 in Axes
    18 | D        | Reached skill level 1 in Dodging
    18 | D        | Reached XP level 5. HP: 24/53 MP: 4/4
    23 | D        | Killed Menkaure
    37 | D        | Killed a neqoxec
    79 | D        | Noticed a neqoxec
    83 | D        | Gained mutation: You expend magic power (3 MP) to strengthen your wands. [a neqoxec]
    85 | D        | Gained mutation: Scrolls take you a little longer to read. [a neqoxec]
    86 | D        | Killed a neqoxec
    86 | D        | Reached skill level 8 in Axes
    86 | D        | Reached XP level 6. HP: 20/62 MP: 5/5
   302 | D        | Found a stormy altar of Qazlal.
   303 | D        | Found a hazy altar of Hepliaklqana.
   303 | D        | Found a sacrificial altar of Ru.
   303 | D        | Found a shimmering altar of Xom.
   306 | D        | Killed a neqoxec
   322 | D        | Killed a hippogriff
   322 | D        | Reached skill level 9 in Axes
   322 | D        | Reached XP level 7. HP: 60/70 MP: 6/6
   325 | D        | Killed a hippogriff
   325 | D        | Reached skill level 10 in Axes
   325 | D        | Reached skill level 10 in Armour
   334 | D        | Noticed a tyrant leech
   334 | D        | Noticed a tyrant leech
   341 | D        | Killed a tyrant leech
   341 | D        | Reached skill level 10 in Fighting
   341 | D        | Reached skill level 11 in Axes
   346 | D        | HP: 1/73 [tyrant leech (9)]
   354 | D        | HP: 2/73 [tyrant leech (10)]
   355 | D        | Killed a tyrant leech
   355 | D        | Reached skill level 10 in Shields
   355 | D        | Reached XP level 8. HP: 2/81 MP: 7/7
   698 | D        | Found Liadez's Distillery.
   698 | D        | Found Koluosuq's Magic Scroll Shop.
   698 | D        | Found Vaumm's Jewellery Shop.
   698 | D        | Found Vuqugrei's Book Shop.
   698 | D        | Found Hiupnoocw's Jewellery Boutique.
   699 | D        | Found Tucyiqam's Antique Armour Shop.
   699 | D        | Found Ugiahap's Magic Scroll Boutique.
   699 | D        | Found Pyiroz's Gadget Shop.
   699 | D        | Found Qaceheoli's Book Boutique.
   699 | D        | Found Meiddumpuf's Food Shop.
   699 | D        | Found Dixkoeh's Antique Weapon Boutique.
   700 | D        | Found Iciome's Distillery.
   700 | D        | Found Caofel's Antique Armour Boutique.
   701 | D        | Found Hozusihe's Assorted Antiques.
   701 | D        | Found Farul's Antique Armour Shop.
   702 | D        | Noticed an oklob plant
   703 | D        | Found Dekkex's Book Shoppe.
   706 | D        | Noticed a polar bear
   707 | D        | Noticed a polar bear
   728 | D        | Bought a shiny ring mail for 170 gold pieces
   728 | D        | Bought a pair of glowing gloves for 178 gold pieces
   767 | D        | Reached skill level 12 in Axes
   909 | D        | Noticed a flying skull
   909 | D        | Noticed a flying skull
   909 | D        | Noticed a flying skull
   909 | D        | Noticed a flying skull
   909 | D        | Noticed a flying skull
   910 | D        | Noticed a flying skull
   924 | D        | Found a roughly hewn altar of Beogh.
   924 | D        | Found a viscous altar of Jiyva.
   924 | D        | Found a deep blue altar of Sif Muna.
   925 | D        | Found a basalt altar of Yredelemnul.
   926 | D        | Found a snail-covered altar of Cheibriados.
   926 | D        | Found an ancient bone altar of Kikubaaqudgha.
   926 | D        | Found a bloodstained altar of Trog.
   926 | D        | Found a glowing silver altar of Zin.
   927 | D        | Found a shadowy altar of Dithmenos.
   927 | D        | Found a corrupted altar of Lugonu.
   927 | D        | Found a hide-covered altar of Uskayaw.
   928 | D        | Found a white marble altar of Elyvilon.
   928 | D        | Found a burning altar of Makhleb.
   929 | D        | Found a blossoming altar of Fedhas.
   931 | D        | Found an opulent altar of Gozag.
   931 | D        | Found a sparkling altar of Nemelex Xobeh.
   931 | D        | Noticed a hornet
   931 | D        | Noticed a polar bear
   932 | D        | Noticed a polar bear
   932 | D        | Found a glowing golden altar of the Shining One.
   932 | D        | Found a radiant altar of Vehumet.
   932 | D        | Found an iron altar of Okawaru.
   932 | D        | Noticed a yaktaur
   940 | D        | Noticed a flying skull
   940 | D        | Noticed a flying skull
   941 | D        | Became a worshipper of Warmaster Okawaru
   955 | D        | Killed a yaktaur
   958 | D        | Killed a hornet
   958 | D        | Reached skill level 13 in Axes
   958 | D        | Reached skill level 5 in Dodging
  1221 | D        | Noticed a polar bear
  1231 | D        | Killed a polar bear
  1231 | D        | Reached * piety under Okawaru
  1244 | D        | Killed a polar bear
  1244 | D        | Reached skill level 1 in Stealth
  1244 | D        | Reached XP level 9. HP: 58/90 MP: 5/8
  1247 | D        | Killed a polar bear
  1247 | D        | Reached skill level 14 in Axes
  1342 | D        | Noticed an ice statue
  1353 | D        | Reached ** piety under Okawaru
  1565 | D        | Noticed a crystal guardian
  1591 | D        | Noticed an obsidian statue
  1613 | D        | Bought a potion of might for 52 gold pieces
  1613 | D        | Bought a potion of might for 52 gold pieces
  1613 | D        | Bought a potion of heal wounds for 65 gold pieces
  1613 | D        | Bought a potion of heal wounds for 65 gold pieces
  1613 | D        | Bought a potion of berserk rage for 65 gold pieces
  1613 | D        | Bought a potion of curing for 39 gold pieces
  1621 | D        | Bought a potion of heal wounds for 50 gold pieces
  1621 | D        | Bought a potion of haste for 100 gold pieces
  1621 | D        | Bought a potion of curing for 30 gold pieces
  1658 | D        | Noticed Kirke
  1658 | D        | Noticed a skeletal warrior
  1658 | D        | Noticed a kobold demonologist
  1659 | D        | Noticed a centaur warrior
  1660 | D        | Noticed an elephant
  1661 | D        | Noticed a yaktaur captain
  1682 | D        | Killed a centaur warrior
  1686 | D        | Killed Kirke
  1686 | D        | Reached *** piety under Okawaru
  1686 | D        | Reached skill level 15 in Axes
  1686 | D        | Reached skill level 1 in Unarmed Combat
  1686 | D        | Reached skill level 1 in Invocations
  1687 | D        | Killed a kobold demonologist
  1688 | D        | Reached XP level 10. HP: 77/100 MP: 7/9
  1690 | D        | Reached **** piety under Okawaru
  1713 | D        | Reached skill level 16 in Axes
  1717 | D        | Killed an elephant
  1730 | D        | Killed a skeletal warrior
  1730 | D        | Reached ***** piety under Okawaru
  2028 | D        | Killed an unseen horror
  2033 | D        | Killed an unseen horror
  2045 | D        | Killed a yaktaur captain
  2284 | D        | Noticed a spiny frog
  2287 | D        | Noticed a spiny frog
  2292 | D        | Killed a spiny frog
  2292 | D        | Reached skill level 17 in Axes
  2294 | D        | Killed a spiny frog
  2294 | D        | Reached XP level 11. HP: 80/110 MP: 11/11
  2304 | D        | Reached skill level 15 in Shields
  2326 | D        | Found Nazeykh's Armour Emporium.
  2326 | D        | Found Heykar's Antique Armour Shop.
  2326 | D        | Found Cesahij's Distillery.
  2326 | D        | Found Faut's Distillery.
  2326 | D        | Found Hoipsuju's Antique Armour Boutique.
  2327 | D        | Found Qaschya's Assorted Antiques.
  2327 | D        | Found Aniabbuh's Book Boutique.
  2327 | D        | Found Cerphun's Food Emporium.
  2327 | D        | Found Pomit's Gadget Shop.
  2327 | D        | Found Camiloq's Book Emporium.
  2327 | D        | Found Vemne's Assorted Antiques.
  2327 | D        | Found Esampewk's Jewellery Shoppe.
  2343 | D        | Bought a bloodstained cloak for 209 gold pieces
  2348 | D        | Identified the +1 cloak of Vehumet's Displeasure {rF+ MR- Int+3} (You bought it in a shop in the Dungeon)
  2351 | D        | Bought an embroidered cloak for 283 gold pieces
  2394 | D        | Noticed a golden dragon
  2394 | D        | Noticed a storm dragon
  2394 | D        | Noticed a cacodemon
  2395 | D        | Noticed a bone dragon
  2395 | D        | Noticed a deep elf high priest
  2413 | D        | Killed a cacodemon
  2435 | D        | Slain by a golden dragon

Skill      XL: |  1  2  3  4  5  6  7  8  9 10 11 |
---------------+----------------------------------+-----
Fighting       | 5 6 7 8 9 10 11 12 14 | 14.7
Axes           | 3 6 8 9 11 13 15 17 | 17.6
Armour         | 5 6 8 9 11 12 | 12.8
Shields        | 5 6 7 8 9 10 13 14 15 | 15.4
Dodging        | 1 2 4 5 7 9 |  9.5
Stealth        | 1 2 |  2.9
Unarmed Combat | 1 2 |  2.3
Invocations    | 1 2 3 |  3.3

Action                   |  1- 3 |  4- 6 |  7- 9 | 10-12 || total
-------------------------+-------+-------+-------+-------++-------
Melee: War axe           |     6 |    13 |    97 |   112 ||   228
       Headbutt          |     1 |     1 |    29 |    31 ||    62
       Unarmed           |       |       |     4 |       ||     4
Invok: Heroism           |       |       |     2 |     6 ||     8
       Finesse           |       |       |       |     1 ||     1
  Use: Potion            |     1 |     1 |     4 |     7 ||    13
  Eat: Bread ration      |       |       |     1 |       ||     1
Armor: Scale mail        |     9 |     7 |     1 |       ||    17
       Ring mail         |       |       |    20 |    24 ||    44
Dodge: Dodged            |     2 |     8 |    48 |    37 ||    95
Block: Shield            |     3 |     9 |    63 |    54 ||   129
